 Dungeon Crawl Stone Soup version 0.29.1-2-gbd0b4ee654 (webtiles) character file.

Game seed: 15816927429326450974

15290 funnyparkerb the Grappler (level 11, -3/111 HPs)
             Began as a Troll Fighter on Nov 10, 2022.
             Was a Priest of Wu Jian.
             Slain by a freezing wraith (9 damage)
             ... on level 10 of the Dungeon.
             The game lasted 00:19:15 (9719 turns).

funnyparkerb the Grappler (Troll Fighter)           Turns: 9719, Time: 00:19:15

Health: -3/111     AC:  6    Str: 25    XL:     11   Next: 99%
Magic:  10/10      EV:  9    Int: 12    God:    Wu Jian [***...]
Gold:   365        SH: 14    Dex:  8    Spells: 6/10 levels left

rFire   + . .      SeeInvis +     - Unarmed
rCold   + . .      Faith    .   b - +0 kite shield
rNeg    . . .      Spirit   .   T - +0 troll leather armour
rPois   +          Reflect  +   (helmet restricted)
rElec   +          Harm     .   (no cloak)
rCorr   +          Rampage  .   (gloves unavailable)
Will    +....                   (boots unavailable)
Stlth   ..........              e - amulet of reflection
HPRegen 1.88/turn               r - ring of willpower
MPRegen 0.12/turn               t - ring of see invisible

@: mighty, silenced (expiring), resistant
A: large, unfitting armour, claws 3, regeneration 1, shaggy fur 1, tough skin 1,
clever 1, no potion heal 1
a: Renounce Religion, Wall Jump


You were on level 10 of the Dungeon.
You worshipped Wu Jian.
Wu Jian was most pleased with you.
You visited 2 branches of the dungeon, and saw 11 of its levels.
You also visited: Bailey.

You collected 899 gold pieces.
You spent 534 gold pieces at shops.

Inventory:

Missiles
 x - a curare-tipped dart
 y - 25 boomerangs (quivered)
 P - 6 poisoned darts
Armour
 b - a +0 kite shield (worn)
 F - a +2 robe of willpower
 I - +0 steam dragon scales
 T - a +0 troll leather armour (worn)
Jewellery
 e - an amulet of reflection (around neck)
 r - a ring of willpower (left claw)
 t - a ring of see invisible (right claw)
 B - a ring of protection from fire
 R - an amulet of regeneration
Wands
 z - a wand of polymorph (17)
 G - a wand of mindburst (16)
 M - a wand of digging (4)
 O - a wand of charming (11)
Scrolls
 a - 3 scrolls of enchant armour {unknown}
 d - 2 scrolls of silence
 i - 3 scrolls of noise {unknown}
 j - 3 scrolls of fog {unknown}
 k - 2 scrolls of blinking {unknown}
 l - 2 scrolls of torment {unknown}
 m - 2 scrolls of immolation {unknown}
 p - 4 scrolls of amnesia {unknown}
 q - 4 scrolls of enchant weapon {unknown}
 u - 4 scrolls of teleportation {unknown}
 A - 2 scrolls of vulnerability {unknown}
 C - 2 scrolls of brand weapon {unknown}
 D - a scroll of magic mapping {unknown}
 E - a scroll of poison {unknown}
 J - 2 scrolls of acquirement {unknown}
 L - a scroll of summoning
Potions
 g - 2 potions of haste {unknown}
 n - 5 potions of brilliance
 o - 2 potions of flight {unknown}
 s - 2 potions of attraction
 v - a potion of ambrosia
 w - 2 potions of mutation
 H - 2 potions of heal wounds {unknown}
 K - 2 potions of invisibility {unknown}
 N - 2 potions of cancellation {unknown}
 Q - a potion of magic {unknown}
 S - a potion of lignification {unknown}
 U - a potion of berserk rage {unknown}


   Skills:
 + Level 7.8 Fighting
 + Level 5.1 Dodging
 + Level 8.5 Shields
 * Level 12.6 Unarmed Combat
 + Level 3.5 Translocations
 + Level 3.5 Transmutations


You had 6 spell levels left.
You knew the following spells:

 Your Spells              Type           Power      Damage    Failure   Level
a - Blink                 Tloc           16%        N/A       26%         2
b - Wereblood             Tmut           8%         N/A       26%         2

Your spell library contained the following spells:

 Spells                   Type           Power      Damage    Failure   Level
 Beastly Appendage        Tmut           16%        N/A       19%         1
 Passwall                 Tmut/Erth      3%         N/A       50%         2
 Sandblast                Erth           0%         2d4       58%         1
 Spider Form              Tmut/Pois      4%         N/A       73%         3
 Stone Arrow              Conj/Erth      0%         3d7       92%         3
 Ice Form                 Ice/Tmut       4%         N/A       98%         4
 Petrify                  Tmut/Erth      4%         N/A       98%         4
 Dispersal                Tloc           4%         N/A       100%        6


Dungeon Overview and Level Annotations

Branches:
Dungeon (10/15)            Temple (1/1) D:6            Lair (0/5) D:8
    Orc (0/2) D:10         Bailey (visited)

Altars:
Ashenzari
Cheibriados
Dithmenos
Elyvilon
Fedhas
Gozag
Hepliaklqana
Kikubaaqudgha
Makhleb
Nemelex Xobeh
Okawaru
Qazlal
Ru
Sif Muna
Trog
Uskayaw
Vehumet
Wu Jian
Xom
Yredelemnul
Zin
The Shining One

Shops:
D:3 (   D:5 [   D:6 :::   D:8 (:([

Annotations:
D:9 3 runed translucent doors, turdburglar's ghost, journeyman VSBr


Innate Abilities, Weirdness & Mutations

You are too large for most types of armour.
You have claws for hands.
Your natural rate of healing is unusually fast.
You are covered in fur. (AC +1)
You have tough skin. (AC +1)
Your mind is acute. (Int +4, Str/Dex -1)
Potions are less effective at restoring your health.


Message History

You block the yak's attack.
It was a potion of mutation.
You feel extremely strange. A pair of horns grows on your head!
Your system partially rejects the healing effects of potions.
You feel clumsy. You block the acid dragon's attack.
The acid dragon closely misses you.
A freezing wraith comes into view.
The yak completely misses you.
It was a potion of ambrosia.
You are confused.
Your system partially rejects the healing.
You feel invigorated. The acid dragon bites you!
* * * LOW HITPOINT WARNING * * *
The acid dragon claws you but does no damage.
The yak barely misses you.
Really quaff the potion of mutation?
You feel extremely strange.
You feel agile. The horns on your head shrink away.
You feel clever. The yak gores you!
* * * LOW HITPOINT WARNING * * *
The acid dragon barely misses you. The acid dragon claws you.
* * * LOW HITPOINT WARNING * * *
You are too confused!
Your system partially rejects the healing.
You feel better.
You feel less invigorated. You block the yak's attack.
The acid dragon spits acid at you. The splash of acid hits you! You resist.
* * * LOW HITPOINT WARNING * * *
You mangle the acid dragon!!
You kill the acid dragon!
The Council accepts your kill. The yak barely misses you.
Your system partially rejects the healing.
You feel better.
You block the freezing wraith's attack. x2
You block the yak's attack.
The freezing wraith attacks as you move away!
The freezing wraith hits you!
* * * LOW HITPOINT WARNING * * *
The freezing wraith freezes you! You resist.
You die...

#####..........#####..........#
# ##.########..........>.##.##
# ##.#...### #######.#######..#
###)###....##############
##.###
..)).#.#.###.....'.K..... #....
####...#.# #.....#.....D. #....
# #.....# #..#.(#..##### ##....
## ###.### #..#WY#..# #..... .#
#.# #..#.@#..# #..... ## #.#
#..#..#o.# ##..... # #.#
#..#..#.c# #.....# # #.#
#..#[.#..C ##.....# # #.#
#..#..# ###......# # #.#
#..#..# ####.......## # ###.#
#..#..####.'........#. ####...#
#..#.......#........'. ......##
#..#......##.......###


You could see a freezing wraith and a yak.

Vanquished Creatures
  2 vault guards (Bailey)
  A two-headed ogre (D:9)
  An ogre mage (D:10)
  The ghost of Jingleheimer the Cruncher, a novice NaMo (D:6)
  A cyclops (D:10)
  2 kobold demonologists (D:10)
  2 gargoyles (D:10)
  A komodo dragon (D:8)
  A queen bee (D:10)
  A troll (D:10)
  2 hornets
  Prince Ribbit (D:7)
  A blink frog (Bailey)
  A slime creature (D:10)
  2 wyverns
  2 vampires
  2 humans (Bailey)
  5 yaks (D:10)
  A vampire mosquito (D:10)
  Edmund (D:5)
  5 steam dragons
  An acid dragon (D:10)
  4 water moccasins (D:8)
  5 black bears
  2 sky beasts
  8 orc warriors
  3 ogres (D:6)
  4 centaurs
  3 necrophages
  8 bullfrogs
  4 scorpions
  A gnoll sergeant (D:7)
  19 wights
  22 killer bees
  A howler monkey (D:7)
  5 hounds
  3 jellies
  2 gnoll boudas
  7 orc priests
  6 iguanas
  9 orc wizards
  Robin (D:2)
  11 adders
  13 gnolls
  A shadow imp (D:7)
  2 white imps
  An ufetubus (D:4)
  4 worms
  2 dart slugs
  43 orcs
  5 endoplasms
  4 giant cockroaches
  21 goblins
  10 hobgoblins
  9 jackals
  6 kobolds
  6 quokkas
  8 ball pythons
  9 bats
  3 frilled lizards
  6 rats
318 creatures vanquished.

Vanquished Creatures (others)
  A wyvern (D:10)
  64 fungi (D:8)
  57 plants
122 creatures vanquished.

Grand Total: 440 creatures vanquished

Notes
Turn   | Place    | Note
-------+----------+-------------------------------------------
     0 | D:1      | funnyparkerb the Troll Fighter began the quest for the Orb.
     0 | D:1      | Reached XP level 1. HP: 22/22 MP: 0/0
    47 | D:1      | Reached XP level 2. HP: 23/29 MP: 1/1
   814 | D:1      | Reached XP level 3. HP: 36/36 MP: 2/2
  1045 | D:2      | Reached skill level 3 in Unarmed Combat
  1201 | D:2      | Noticed Robin
  1230 | D:3      | Found Derymas's Weapon Shoppe.
  1326 | D:2      | Killed Robin
  1327 | D:2      | Reached XP level 4. HP: 36/44 MP: 3/3
  1436 | D:2      | Got the Directory of Reformed Minerals
  1451 | D:2      | Found a faded altar of an unknown god.
  1653 | D:3      | Found a snail-covered altar of Cheibriados.
  2024 | D:3      | Found a shimmering blue altar of Sif Muna.
  2041 | D:3      | Reached skill level 4 in Unarmed Combat
  2041 | D:3      | Reached XP level 5. HP: 51/53 MP: 4/4
  2127 | D:4      | Noticed an orc warrior
  2150 | D:3      | Reached XP level 6. HP: 50/61 MP: 5/5
  2169 | D:3      | Killed an orc warrior
  2170 | D:3      | Reached skill level 5 in Unarmed Combat
  2209 | D:4      | Reached XP level 7. HP: 64/68 MP: 6/6
  2577 | D:4      | Reached skill level 6 in Unarmed Combat
  2707 | D:4      | Found an opulent altar of Gozag.
  2934 | D:4      | Found a stormy altar of Qazlal.
  3235 | D:5      | Entered Level 5 of the Dungeon
  3320 | D:5      | Noticed Edmund
  3330 | D:5      | Killed Edmund
  3450 | D:5      | Reached XP level 8. HP: 79/79 MP: 7/7
  3569 | D:5      | Reached skill level 5 in Shields
  3569 | D:5      | Reached skill level 7 in Unarmed Combat
  3640 | D:5      | Found a glowing silver altar of Zin.
  3815 | D:5      | Found a sacrificial altar of Ru.
  3994 | D:5      | Found Pouts's Armour Shop.
  4308 | D:6      | Reached skill level 5 in Fighting
  4336 | D:6      | Reached skill level 8 in Unarmed Combat
  4416 | D:6      | Found a staircase to the Ecumenical Temple.
  4431 | Temple   | Entered the Ecumenical Temple
  4612 | D:6      | Found Axituvy's Book Shop.
  4630 | D:6      | Reached XP level 9. HP: 84/88 MP: 8/8
  4782 | D:6      | Found Feunweta's Book Shoppe.
  4841 | D:6      | Found Cimanuz's Tremendous Tomes.
  4905 | D:6      | Found a shimmering altar of Xom.
  4946 | D:6      | Found a transporter.
  4947 | D:6      | Noticed Jingleheimer's ghost (novice NaMo)
  5111 | D:6      | Found an ornate altar of the Wu Jian Council.
  5119 | D:6      | Became a worshipper of the Wu Jian Council
  5177 | D:6      | Found a transporter.
  5184 | D:6      | Killed Jingleheimer's ghost
  5185 | D:6      | Reached skill level 9 in Unarmed Combat
  5296 | D:7      | Noticed Prince Ribbit
  5326 | D:7      | Killed Prince Ribbit
  5378 | D:7      | Reached skill level 10 in Unarmed Combat
  5510 | D:7      | Reached * piety under Wu Jian
  5530 | D:7      | Reached XP level 10. HP: 57/100 MP: 9/9
  6427 | D:8      | Found Binau's Armour Shop.
  6432 | D:8      | Found Xomifoj's Book Shop.
  6434 | D:8      | Found Ruipin's Weapon Shop.
  6435 | D:8      | Found Kupar's Weapon Shop.
  6438 | D:8      | Bought the Anthology of the Tesseract for 300 gold pieces
  6441 | D:8      | Learned a level 2 spell: Blink
  6536 | D:6      | Bought a book of Changes for 234 gold pieces
  6539 | D:6      | Learned a level 2 spell: Wereblood
  6638 | D:8      | Found a flagged portal.
  6659 | Bailey   | Entered a bailey
  6743 | Bailey   | Noticed a vault guard
  6755 | Bailey   | Reached skill level 11 in Unarmed Combat
  6755 | Bailey   | Reached skill level 1 in Translocations
  6755 | Bailey   | Reached skill level 1 in Transmutations
  6762 | Bailey   | Killed a vault guard
  6806 | Bailey   | Noticed a vault guard
  6817 | Bailey   | Killed a vault guard
  6914 | D:8      | Found a staircase to the Lair.
  7003 | D:8      | Reached XP level 11. HP: 79/105 MP: 10/10
  7004 | D:8      | Reached ** piety under Wu Jian
  7188 | D:8      | Found a radiant altar of Vehumet.
  7188 | D:8      | Found a shadowy altar of Dithmenos.
  7773 | D:9      | Found an iron altar of Okawaru.
  7958 | D:10     | Entered Level 10 of the Dungeon
  8013 | D:9      | Noticed turdburglar's ghost (journeyman VSBr)
  8062 | D:9      | Noticed a two-headed ogre
  8068 | D:9      | Killed a two-headed ogre
  8186 | D:9      | Found a runed translucent gate.
  8187 | D:9      | Found a runed translucent gate.
  8188 | D:9      | Found a runed translucent gate.
  8213 | D:9      | Reached skill level 12 in Unarmed Combat
  8817 | D:10     | Reached *** piety under Wu Jian
  9223 | D:10     | Reached skill level 5 in Dodging
  9352 | D:10     | Found a staircase to the Orcish Mines.
  9631 | D:10     | Found a bloodstained altar of Trog.
  9693 | D:10     | Noticed an ogre mage
  9697 | D:10     | Paralysed by an ogre mage for 2 turns
  9701 | D:10     | Killed an ogre mage
  9709 | D:10     | HP: 4/111 [yak (14)]
  9712 | D:10     | Gained mutation: You have a pair of small horns on your
                  | head. [potion of mutation]
  9712 | D:10     | Gained mutation: Potions are less effective at restoring
                  | your health. [potion of mutation]
  9712 | D:10     | Gained mutation: You are clumsy. (Dex -2) [potion of
                  | mutation]
  9714 | D:10     | Lost mutation: You are clumsy. (Dex -2) [potion of
                  | mutation]
  9714 | D:10     | Lost mutation: You have a pair of small horns on your head.
                  | [potion of mutation]
  9714 | D:10     | Gained mutation: Your mind is acute. (Int +4, Str/Dex -1)
                  | [potion of mutation]
  9714 | D:10     | HP: 5/111 [yak (13)]
  9719 | D:10     | Slain by a freezing wraith

Illustrated notes

Levels and vault maps discovered:
D:1:      wheals_arrival_linesprint, layout_loops_ring,
          wander_ebering_terrifying_dragon_lair
D:2:      minmay_alternating_diamond, layout_basic,
          ebering_ecumenical_altar_sacrificial, uniq_robin
D:3:      cheibrodos_old_hovel, layout_rooms, kennysheep_orc_sif_temple,
          mainiacjoe_overflow_24_doors, serial_shops, shop
D:4:      layout_basic, mainiacjoe_overflow_surrounded_room,
          nicolae_qazlal_eye_of_the_storm, minmay_fractal_squares_5
D:5:      layout_loops_corners, mainiacjoe_overflow_alcove_1,
          mainiacjoe_overflow_tiny_flanked, serial_shops,
          nicolae_lakefront_shop, uniq_edmund
D:6:      layout_basic, dk_xom_monty_hall, pdpol_wu_jian_five_deadly_venoms,
          minmay_temple_entry_gardened_gates, serial_shops,
          nicolae_shop_hallway_stairs, nicolae_shop_hallway_plus,
          gammafunk_ghost_smash, nicolae_shop_i_like_big_books
D:7:      layout_gridville, minmay_puff, uniq_prince_ribbit1
D:8:      layout_loops_corners, jmf_multi_god_temple,
          due_lair_maze_entry_diamond, enter_bailey_4,
          chequers_serial_rivers_small_b, minmay_shop_grid_forest
D:9:      layout_stronghold, okawaru_ov_weapons_minmay, serial_column_ruins,
          column_ruins_columns_straight, column_ruins_open_small,
          column_ruins_grid_3, gammafunk_ghost_split
D:10:     minmay_quarter_circles, layout_loops_ring, trog_book,
          nicolae_looking_at_the_future
Temple:   eino_wide_crystal_templ

Skill      XL: |  1  2  3  4  5  6  7  8  9 10 11 |
---------------+----------------------------------+-----
Shields        | 3 4 5 7 8 |  8.5
Unarmed Combat | 3 4 5 6 8 10 11 12 | 12.6
Fighting       | 3 4 5 6 7 |  7.8
Dodging        | 4 5 |  5.1
Translocations | 2 3 |  3.5
Transmutations | 2 3 |  3.5

Action                   |  1- 3 |  4- 6 |  7- 9 | 10-12 || total
-------------------------+-------+-------+-------+-------++-------
Melee: Unarmed           |   132 |   131 |   291 |   444 ||   998
Throw: Dart              |       |       |       |     7 ||     7
       Boomerang         |       |       |       |     5 ||     5
Invok: Lunge             |       |       |     5 |    40 ||    45
       Whirlwind         |       |       |       |    44 ||    44
Evoke: Wand              |       |       |       |     3 ||     3
  Use: Scroll            |       |       |     5 |     2 ||     7
       Potion            |       |       |     3 |     8 ||    11
Armor: Robe              |    53 |    31 |    17 |       ||   101
       Steam dragon scal |       |       |    26 |    50 ||    76
       Troll leather arm |       |       |       |    14 ||    14
Dodge: Dodged            |    59 |    36 |    53 |   129 ||   277
Block: Kite shield       |   144 |    96 |   178 |   320 ||   738
       Reflection        |     3 |     3 |     4 |    17 ||    27
